 Dungeon Crawl Stone Soup version 0.26-a0-30-g56b8cd3df0 (webtiles) character file.

Game seed: 4536226955485584762, levelgen mode: deterministic

254 grindst0ne the Covert (level 5, -1/25 HPs)
             Began as a Spriggan Assassin on June 2, 2020.
             Killed by divine providence
             ... invoked by an orc priest
              (9 damage)
             ... on level 4 of the Dungeon.
             The game lasted 00:06:12 (3712 turns).

grindst0ne the Covert (Spriggan Assassin)           Turns: 3712, Time: 00:06:13

Health: -1/25      AC:  3    Str:  7      XL:     5   Next: 91%
Magic:  6/6        EV: 21    Int: 11 (12) God:
Gold:   130        SH:  0    Dex: 19      Spells: 4/4 levels left

rFire    + . .     SeeInvis +   o - +2 dagger (venom)
rCold    . . .     Gourm    .   (shield restricted)
rNeg     . . .     Faith    +   b - +0 robe
rPois    .         Spirit   .   (helmet restricted)
rElec    .         Reflect  .   c - +0 cloak
rCorr    .         Harm     .   (gloves unavailable)
MR       .....                  (boots unavailable)
Stlth    +++++.....             u - amulet of faith
HPRegen  0.08/turn              i - ring of protection from fire
MPRegen  0.10/turn              s - +4 ring of evasion

@: very quick
A: very small, unfitting armour, see invisible, herbivore, speed 3, slow
metabolism 2
a: no special abilities


You were on level 4 of the Dungeon.
You were hungry.

You visited 1 branch of the dungeon, and saw 4 of its levels.

You collected 130 gold pieces.

Inventory:

Hand Weapons
 o - a +2 dagger of venom (weapon)
Missiles
 a - 2 silver boomerangs
 d - 14 poisoned darts (quivered)
 e - 2 curare-tipped darts
 k - 8 boomerangs
Armour
 b - a +0 robe (worn)
 c - a +0 cloak (worn)
Jewellery
 i - a ring of protection from fire (left hand)
 s - a +4 ring of evasion (right hand)
 u - an amulet of faith (around neck)
Scrolls
 h - 2 scrolls of amnesia {unknown}
 j - a scroll of identify {unknown}
 l - a scroll of remove curse {unknown}
 n - a scroll of fog {unknown}
 p - a scroll of blinking {unknown}
 r - a scroll of fear {unknown}
 t - 3 scrolls of teleportation {unknown}
Potions
 g - a potion of brilliance {unknown}
 m - 2 potions of might {unknown}
 q - a potion of heal wounds {unknown}
Comestibles
 f - 7 rations


   Skills:
 - Level 1.5 Fighting
 - Level 2.1 Short Blades
 - Level 2.0 Throwing
 - Level 1.5 Dodging
 + Level 10.9 Stealth


You had 4 spell levels left.
You didn't know any spells.
Your spell library was empty.

Dungeon Overview and Level Annotations

Branches:
Dungeon (4/15)
 Temple: D:4-7

Altars:
Elyvilon
Gozag


Innate Abilities, Weirdness & Mutations

You are very small and have problems with some larger weapons.
You are too small for most types of armour.
You have supernaturally acute eyesight. (SInv)
You are a herbivore.
You cover ground extremely quickly.
You need to consume almost no food.


Message History

Done exploring.
(D) Dungeon
Where to? (Enter - D:3 @ (x,y), ? - help)
There is a stone staircase leading down here.
You climb downwards.
Found a falchion and 7 gold pieces.
There is a stone staircase leading up here.
You can't go down here!
An orc priest and a skeleton come into view.
The orc priest shouts!
An orc comes into view. It is wielding a +0 mace.
An orc wizard comes into view. It is wielding a +2 dagger of draining.
A leopard gecko comes into view.
The leopard gecko hisses angrily.
The orc priest calls down the wrath of Beogh upon you.
Beogh smites you!
Ouch! That really hurt!
The orc priest invokes the aid of Beogh against you.
Beogh smites you!
You die...

..........
#.l...o...
#.........
######.^Zoo....
.......$......#
#..)......
##.........
#########..........
.......@...........
......####.........
.....######........
..........<........
.....#############.
.. .


You could see an orc priest and an orc.

Vanquished Creatures
  Purgy (D:3)
  Terence (D:3)
  An orc wizard (D:3)
  3 adders
  2 worms (D:3)
  A dart slug (D:3)
  7 orcs (D:3)
  4 giant cockroaches
  6 goblins
  6 hobgoblins
  4 jackals (D:1)
  2 quokkas (D:3)
  A ball python (D:3)
  5 bats
  8 frilled lizards
  9 kobolds
  11 rats
72 creatures vanquished.

Notes
Turn   | Place    | Note
-------+----------+-------------------------------------------
     0 | D:1      | grindst0ne the Spriggan Assassin began the quest for the
                  | Orb.
     0 | D:1      | Reached XP level 1. HP: 10/10 MP: 2/2
   222 | D:1      | Reached skill level 6 in Stealth
   442 | D:1      | Reached XP level 2. HP: 11/14 MP: 3/3
   612 | D:1      | Reached skill level 7 in Stealth
  1452 | D:2      | Reached XP level 3. HP: 12/18 MP: 4/4
  2033 | D:2      | Reached skill level 8 in Stealth
  2063 | D:2      | Found an opulent altar of Gozag.
  2090 | D:2      | Found a white marble altar of Elyvilon.
  2702 | D:3      | Reached XP level 4. HP: 18/22 MP: 5/5
  2835 | D:3      | Reached skill level 9 in Stealth
  2849 | D:3      | Noticed Terence
  2856 | D:3      | Killed Terence
  2937 | D:3      | Reached XP level 5. HP: 16/25 MP: 6/6
  3204 | D:3      | Noticed Purgy
  3247 | D:3      | Killed Purgy
  3247 | D:3      | Reached skill level 10 in Stealth
  3712 | D:4      | Killed from afar by an orc priest

Illustrated notes

Levels and vault maps discovered:
D:1:      minmay_arrival_glassed_features, layout_basic
D:2:      layout_basic, grunt_temple_overflow_open, first_ration
D:3:      layout_rooms, uniq_terence, uniq_purgy
D:4:      layout_rooms, minmay_temple_entry_glass, uniq_blork_the_orc

Skill      XL: |  1  2  3  4  5 |
---------------+----------------+-----
Stealth        | 6 7 8 9 10 | 10.9
Fighting       | |  1.5
Short Blades   | |  2.1
Throwing       | |  2.0
Dodging        | |  1.5

Action                   |  1- 3 |  4- 6 || total
-------------------------+-------+-------++-------
Melee: Dagger            |   124 |    83 ||   207
Throw: Dart              |    19 |     3 ||    22
  Use: Potion            |     2 |       ||     2
 Stab: Sleeping          |     9 |     4 ||    13
Armor: Robe              |    11 |    14 ||    25
Dodge: Dodged            |    86 |    81 ||   167

Table legend:
 A = Non-vault XP
 B = Vault XP
 C = Vault XP percentage of total XP
 D = Non-vault monster count
 E = Vault monster count
 F = Vault count percentage of total count
                 A         B        C        D         E       F
            +---------+---------+-------+---------+---------+-------
      Total |     196 |     168 |  46.2 |      70 |       2 |   2.8
            +---------+---------+-------+---------+---------+-------
        D:1 |      36 |       0 |   0.0 |      22 |       0 |   0.0
        D:2 |      46 |       0 |   0.0 |      22 |       0 |   0.0
        D:3 |     114 |     168 |  59.6 |      26 |       2 |   7.1
            +---------+---------+-------+---------+---------+-------
